AoeStats
← 从不压堡之人

African Clearing

510302525Analyzed
4v4 RM · 20h ago on Sep 30, 2026· 35m 45s· 8 players
Game mode
Random Map
Map size
Large (8 player)
Population
200
Speed
Normal
Resources
Standard
Victory
Conquest
Starting age
Dark Age
Ending age
Imperial Age
RankedLock teamsTeams togetherTeam positionsShared explorationLock speedFull tech treeHidden civsTurbo modeCheats
Victory
Defeat
🇨🇳 Huns · China
1272
+8
🇨🇳 Mongols · China
1061
+16
🇨🇳 Wu · China
1046
+17
🇨🇳 Goths · China
993
+19
🇹🇼 Goths · Taiwan
1106
-16
🇨🇳 Mongols · China
1078
-15
🇨🇳 Huns · China
1060
-15
🇨🇳 Khmer · China
1055
-14
寻找迷失的爱
6:40 Loom
13:09 Feudal Age
17:20 Castle Age
15:44 Gold Mining
15:45 Double-Bit Axe
16:36 Gold Mining
17:50 Crossbowman
19:36 Fletching
24:01 Padded Archer Armor
25:55 Horse Collar
30:24 Wheelbarrow
31:16 Ballistics
AnAnHeart
10:35 Loom
14:41 Feudal Age
29:59 Castle Age
28:38 Double-Bit Axe
29:26 Horse Collar
31:29 Gold Mining
31:32 Stone Mining
33:40 Wheelbarrow
33:11 Anarchy
33:13 Squires
33:26 Forging
33:19 Scale Mail Armor
jyq1234567891011
13:32 Feudal Age
14:37 Horse Collar
15:30 Double-Bit Axe
22:28 Castle Age
李哥7758
6:20 Loom
13:34 Feudal Age
17:32 Forging
17:39 Bloodlines
21:05 Castle Age
19:21 Double-Bit Axe
19:29 Horse Collar
21:47 Wheelbarrow
23:06 Bow Saw
24:25 Scale Barding Armor
26:25 Husbandry
26:56 Gold Mining
30:06 Iron Casting
31:26 Chain Barding Armor
37:02 Imperial Age
35:19 Hand Cart
我不是蓝精灵
3:24 Loom
12:58 Feudal Age
17:05 Castle Age
15:21 Double-Bit Axe
15:51 Horse Collar
17:12 Wheelbarrow
20:00 Squires
21:14 Bow Saw
21:56 Forging
22:30 Arson
25:24 Heavy Plow
25:57 Scale Mail Armor
26:22 Town Watch
28:31 Chain Mail Armor
29:13 Man-at-Arms
30:35 Iron Casting
30:22 Gold Mining
31:37 Gold Shaft Mining
32:46 Hand Cart
37:29 Imperial Age
从不压堡之人
12:50 Feudal Age
13:59 Double-Bit Axe
13:37 Man-at-Arms
14:18 Loom
16:15 Town Watch
16:45 Scale Mail Armor
16:59 Forging
19:03 Wheelbarrow
26:54 Castle Age
26:48 Fletching
27:41 Squires
27:39 Bodkin Arrow
28:29 Bow Saw
31:33 Husbandry
32:55 Ballistics
33:04 Padded Archer Armor
33:18 Bloodlines
32:51 Horse Collar
35:01 Hand Cart
我怕你审判长?
11:55 Feudal Age
14:18 Double-Bit Axe
17:15 Castle Age
16:00 Fletching
16:05 Stone Mining
16:16 Gold Mining
18:34 Horse Collar
19:09 Loom
20:12 Bodkin Arrow
25:15 Ballistics
28:03 Bloodlines
28:17 Padded Archer Armor
34:22 Imperial Age
32:49 Gold Shaft Mining
33:18 Husbandry
34:08 Wheelbarrow
34:31 Thumb Ring
35:07 Bracer
35:45 Town Watch
BLUE POISON
12:53 Feudal Age
11:09 Loom
12:56 Feudal Age
14:18 Double-Bit Axe
14:40 Stone Mining
14:47 Horse Collar
17:10 Castle Age
16:45 Loom
17:38 Scale Barding Armor
18:03 Bow Saw
18:25 Gold Mining
19:07 Chain Barding Armor
19:59 Forging
23:59 Wheelbarrow
28:44 Forging
28:53 Hand Cart
29:46 Gold Shaft Mining
33:43 Imperial Age
32:01 Gold Shaft Mining
32:48 Iron Casting
32:29 Husbandry
32:39 Bloodlines
32:52 Heavy Plow
33:00 Marauders
33:45 Elite Tarkan
35:01 Plate Barding Armor
35:24 Conscription
37:20 Blast Furnace
Connection lost

Rejoining the realm…

Still unreachable

The connection could not be restored.

Session expired

The server has moved on; the page needs a fresh start.